SA
PUT-IN-BAY BC @ NIAGARA FALLS EXPOS
08/07/2026
 
TOP OF THE 1ST
Put-In-Bay BC batting - Pitching for Niagara Falls Expos : LHP Ramón Cerrillo
Pitching: LHP Ramón Cerrillo
Batting: LHB Tural Bishara 0-0: Ball
1-0: Foul Ball, location: 2F
1-1: Fly out, F8 (Flyball, 89M)
Batting: RHB Angus Watts 0-0: Ball
1-0: Foul Ball, location: 2F
1-1: Ball
2-1: Ball
3-1: Foul Ball, location: 2F
3-2: Base on Balls
Batting: RHB Steve Koch 0-0: Called Strike
0-1: Ball
1-1: Called Strike
1-2: Ball
2-2: Ball
3-2: Fly out, F5 (Line Drive, 5)
Batting: LHB Jim Unknown 0-0: DOUBLE (Line Drive, 9LM)
Angus Watts to third
Runner from 3rd tries for Home, SAFE, no throw
Batting: SHB Norm Singletary 0-0: Foul Ball, location: 2F
0-1: Foul Ball, location: 2F
0-2: Ball
1-2: Foul Ball, location: 2F
1-2: Ball
2-2: SINGLE (Flyball, 9S)
Jim Unknown to third
Batting: RHB Lou Lumsden 0-0: Ball
1-0: Foul Ball, location: 2F
1-1: Ball
2-1: Ball
3-1: Called Strike
3-2: Foul Ball, location: 2F
3-2: Fly out, F9 (Flyball, 9S)
Top of the 1st over - 1 run(s), 2 hit(s), 0 error(s), 2 left on base; Put-In-Bay 1 - Niagara Falls 0
BOTTOM OF THE 1ST
Niagara Falls Expos batting - Pitching for Put-In-Bay BC : RHP Benjamin Busto
Pitching: RHP Benjamin Busto
Batting: RHB Roberto Camacho 0-0: Ball
1-0: Ground out 4-3 (Groundball, 4S)
Batting: LHB Mark Armstead 0-0: Foul Ball, location: 2F
0-1: Ball
1-1: Ball
2-1: Fly out, F6 (Line Drive, 6M)
Batting: RHB Edgardo Castro 0-0: Ball
1-0: SOLO HOME RUN (Flyball, 7LD), Distance : 365 ft
Batting: LHB Pancho Farías 0-0: Called Strike
0-1: Called Strike
0-2: Ball
1-2: Foul Ball, location: 2F
1-2: Strikes out swinging
Bottom of the 1st over - 1 run(s), 1 hit(s), 0 error(s), 0 left on base; Put-In-Bay 1 - Niagara Falls 1
TOP OF THE 2ND
Put-In-Bay BC batting - Pitching for Niagara Falls Expos : LHP Ramón Cerrillo
Batting: RHB Manuel Rosales 0-0: Called Strike
0-1: SINGLE (Line Drive, 78M)
Batting: RHB Ryan French 0-0: Ball
1-0: Swinging Strike
1-1: Ball
2-1: Swinging Strike
2-2: Strikes out swinging
Batting: LHB Francisco Alfaro 0-0: Ball
1-0: Ball
Manuel Rosales steals 2nd base
2-0: Ground out 3-1 (Groundball, 23)
Manuel Rosales to third
Batting: LHB Tural Bishara 0-0: Called Strike
0-1: Foul Ball, location: 2F
0-2: Fly out, F1 (Line Drive, 13)
Top of the 2nd over - 0 run(s), 1 hit(s), 0 error(s), 1 left on base; Put-In-Bay 1 - Niagara Falls 1
BOTTOM OF THE 2ND
Niagara Falls Expos batting - Pitching for Put-In-Bay BC : RHP Benjamin Busto
Batting: RHB Mario Germán 0-0: Fly out, F7 (Flyball, 7)
Batting: LHB Carlos Germán 0-0: Ball
1-0: Ball
2-0: Swinging Strike
2-1: Called Strike
2-2: Strikes out swinging
Batting: RHB Damien Medforth 0-0: Ball
1-0: Swinging Strike
1-1: Foul Ball, location: 2F
1-2: Ball
2-2: Foul Ball, location: 2F
2-2: Ball
3-2: Strikes out swinging
Bottom of the 2nd over - 0 run(s), 0 hit(s), 0 error(s), 0 left on base; Put-In-Bay 1 - Niagara Falls 1
TOP OF THE 3RD
Put-In-Bay BC batting - Pitching for Niagara Falls Expos : LHP Ramón Cerrillo
Batting: RHB Angus Watts 0-0: Ball
1-0: Foul Ball, location: 2F
1-1: Ball
2-1: Swinging Strike
2-2: Foul Ball, location: 2F
2-2: Ball
3-2: Strikes out looking
Batting: RHB Steve Koch 0-0: Ball
1-0: SINGLE (Flyball, 7S)
Batting: LHB Jim Unknown 0-0: Ball
1-0: Ball
2-0: Grounds into double play, 4-6-3 (Groundball, 4)
Top of the 3rd over - 0 run(s), 1 hit(s), 0 error(s), 0 left on base; Put-In-Bay 1 - Niagara Falls 1
BOTTOM OF THE 3RD
Niagara Falls Expos batting - Pitching for Put-In-Bay BC : RHP Benjamin Busto
Batting: RHB Hou Kong 0-0: Swinging Strike
0-1: Ball
1-1: Foul Ball, location: 2F
1-2: Foul Ball, location: 2F
1-2: SINGLE (Line Drive, 89S)
Batting: SHB Jim Unknown 0-0: Grounds out, U3 (Groundball, 3L)
Batting: RHB Roberto Camacho 0-0: Foul Ball, location: 2F
0-1: Called Strike
0-2: Ground out 6-3 (Groundball, 6)
Batting: LHB Mark Armstead 0-0: Ball
1-0: Ball
2-0: Called Strike
2-1: Called Strike
2-2: SINGLE (Flyball, 8LM)
Hou Kong to third
Runner from 3rd tries for Home, SAFE, no throw
Batting: RHB Edgardo Castro 0-0: Ball
Pickoff Throw by Catcher to First - Error! E2
Mark Armstead to second
1-0: Ground out 5-3 (Groundball, 56)
Bottom of the 3rd over - 1 run(s), 2 hit(s), 1 error(s), 1 left on base; Put-In-Bay 1 - Niagara Falls 2
TOP OF THE 4TH
Put-In-Bay BC batting - Pitching for Niagara Falls Expos : LHP Ramón Cerrillo
Batting: SHB Norm Singletary 0-0: Ground out 5-3 (Groundball, 56)
Batting: RHB Lou Lumsden 0-0: Ball
1-0: Foul Ball, location: 2F
1-1: Called Strike
1-2: Ball
2-2: Strikes out swinging
Batting: RHB Manuel Rosales 0-0: Called Strike
0-1: Foul Ball, location: 2F
0-2: Strikes out looking
Top of the 4th over - 0 run(s), 0 hit(s), 0 error(s), 0 left on base; Put-In-Bay 1 - Niagara Falls 2
BOTTOM OF THE 4TH
Niagara Falls Expos batting - Pitching for Put-In-Bay BC : RHP Benjamin Busto
Batting: LHB Pancho Farías 0-0: Called Strike
0-1: Swinging Strike
0-2: Fly out, F8 (Line Drive, 8RM)
Batting: RHB Mario Germán 0-0: Called Strike
0-1: Ball
1-1: Ball
2-1: Ball
3-1: Base on Balls
Batting: LHB Carlos Germán 0-0: Called Strike
0-1: Ball
1-1: Foul Ball, location: 2F
1-2: Ball
2-2: Ball
3-2: Fly out, F8 (Flyball, 8LM)
Batting: RHB Damien Medforth 0-0: Called Strike
Mario Germán is caught stealing 2nd base
Bottom of the 4th over - 0 run(s), 0 hit(s), 0 error(s), 0 left on base; Put-In-Bay 1 - Niagara Falls 2
TOP OF THE 5TH
Put-In-Bay BC batting - Pitching for Niagara Falls Expos : LHP Ramón Cerrillo
Batting: RHB Ryan French 0-0: SOLO HOME RUN (Flyball, 7LD), Distance : 364 ft
Batting: LHB Francisco Alfaro 0-0: Called Strike
0-1: Ball
1-1: Called Strike
1-2: Foul Ball, location: 2F
1-2: Ball
2-2: Ball
3-2: Strikes out swinging
Batting: LHB Tural Bishara 0-0: Ball
1-0: Called Strike
1-1: Fly out, F7 (Flyball, 7S)
Batting: RHB Angus Watts 0-0: Called Strike
0-1: Fly out, F9 (Flyball, 9S)
Top of the 5th over - 1 run(s), 1 hit(s), 0 error(s), 0 left on base; Put-In-Bay 2 - Niagara Falls 2
BOTTOM OF THE 5TH
Niagara Falls Expos batting - Pitching for Put-In-Bay BC : RHP Benjamin Busto
Batting: RHB Damien Medforth 0-0: Called Strike
0-1: Ball
1-1: Ground out 6-3 (Groundball, 6)
Batting: RHB Hou Kong 0-0: Called Strike
0-1: Foul Ball, location: 2F
0-2: Ball
1-2: Ball
2-2: Strikes out swinging
Batting: SHB Jim Unknown 0-0: Ball
1-0: Ball
2-0: Ball
3-0: Base on Balls
Batting: RHB Roberto Camacho 0-0: Ball
1-0: Swinging Strike
1-1: Swinging Strike
1-2: Strikes out swinging
Bottom of the 5th over - 0 run(s), 0 hit(s), 0 error(s), 1 left on base; Put-In-Bay 2 - Niagara Falls 2
TOP OF THE 6TH
Put-In-Bay BC batting - Pitching for Niagara Falls Expos : LHP Ramón Cerrillo
Batting: RHB Steve Koch 0-0: Called Strike
0-1: Swinging Strike
0-2: Ball
1-2: Ball
2-2: Ball
3-2: Foul Ball, location: 2F
3-2: Foul Ball, location: 2F
3-2: Base on Balls
Batting: LHB Jim Unknown 0-0: Foul Ball, location: 2F
0-1: Ball
1-1: Foul Ball, location: 2F
1-2: Ball
2-2: Strikes out swinging
Steve Koch steals 2nd base
Batter strikes out.
Batting: SHB Norm Singletary 0-0: Fly out, F8 (Flyball, 8RXD)
Runner from 2nd tags up, SAFE at 3rd, no throw
Batting: RHB Lou Lumsden 0-0: Fly out, F7 (Flyball, 7)
Top of the 6th over - 0 run(s), 0 hit(s), 0 error(s), 1 left on base; Put-In-Bay 2 - Niagara Falls 2
BOTTOM OF THE 6TH
Niagara Falls Expos batting - Pitching for Put-In-Bay BC : RHP Benjamin Busto
Batting: LHB Mark Armstead 0-0: Ball
1-0: Fly out, F8 (Flyball, 8LM)
Batting: RHB Edgardo Castro 0-0: Ball
1-0: Ground out 5-3 (Groundball, 5L)
Batting: LHB Pancho Farías 0-0: Called Strike
0-1: Ball
1-1: Ball
2-1: Ball
3-1: Foul Ball, location: 2F
3-2: Strikes out looking
Bottom of the 6th over - 0 run(s), 0 hit(s), 0 error(s), 0 left on base; Put-In-Bay 2 - Niagara Falls 2
TOP OF THE 7TH
Put-In-Bay BC batting - Pitching for Niagara Falls Expos : LHP Ramón Cerrillo
Batting: RHB Manuel Rosales 0-0: Ball
1-0: Called Strike
1-1: Ball
2-1: Fly out, F9 (Flyball, 9)
Batting: RHB Ryan French 0-0: Ball
1-0: Foul Ball, location: 2F
1-1: SINGLE (Groundball, 34D)
Batting: LHB Francisco Alfaro 0-0: Called Strike
0-1: Foul Ball, location: 2F
0-2: Ball
1-2: Strikes out looking
Batting: LHB Tural Bishara 0-0: Swinging Strike
0-1: Foul Ball, location: 2F
0-2: Foul Ball, location: 2F
0-2: Fielders Choice at 2nd, 4-6 (Groundball, 4)
Top of the 7th over - 0 run(s), 1 hit(s), 0 error(s), 0 left on base; Put-In-Bay 2 - Niagara Falls 2
BOTTOM OF THE 7TH
Niagara Falls Expos batting - Pitching for Put-In-Bay BC : RHP Benjamin Busto
Batting: RHB Mario Germán 0-0: Called Strike
0-1: Called Strike
0-2: Strikes out looking
Pinch Hitting: LHB Jim Unknown 0-0: Ball
1-0: Called Strike
1-1: Called Strike
1-2: Strikes out swinging
Pinch Hitting: RHB Jim Unknown 0-0: Called Strike
0-1: Foul Ball, location: 2F
0-2: Foul Ball, location: 2F
0-2: Strikes out swinging
Bottom of the 7th over - 0 run(s), 0 hit(s), 0 error(s), 0 left on base; Put-In-Bay 2 - Niagara Falls 2
TOP OF THE 8TH
Put-In-Bay BC batting - Pitching for Niagara Falls Expos : LHP Ramón Cerrillo
Now in LF: Juan Carlos Santos
Now in RF: Jim Unknown
Batting: RHB Angus Watts 0-0: Called Strike
0-1: Swinging Strike
0-2: Ball
1-2: Foul Ball, location: 2F
1-2: Ball
2-2: Ball
3-2: Foul Ball, location: 2F
3-2: Base on Balls
Pinch Runner at 1st Francisco Valéncia:
Batting: RHB Steve Koch 0-0: Ball
Francisco Valéncia steals 2nd base
1-0: Intentional Walk
Pitching: RHP Manuel Montés
Batting: LHB Jim Unknown 0-0: Ball
1-0: Ball
2-0: Ball
3-0: Called Strike
3-1: Base on Balls
Francisco Valéncia to third
Steve Koch to second
Batting: SHB Norm Singletary 0-0: Grounds into double play, 6-2-3 (Groundball, 6)
Steve Koch to third
Jim Unknown to second
Batting: RHB Lou Lumsden 0-0: Ball
1-0: SINGLE (Groundball, 34D)
Steve Koch scores
Jim Unknown to third
Runner from 3rd tries for Home, SAFE, no throw
Batting: RHB Manuel Rosales 0-0: Ball
1-0: SINGLE (Groundball, 5S) (infield hit)
Lou Lumsden to second
Batting: RHB Ryan French 0-0: Called Strike
0-1: Called Strike
0-2: Strikes out looking
Top of the 8th over - 2 run(s), 2 hit(s), 0 error(s), 2 left on base; Put-In-Bay 4 - Niagara Falls 2
BOTTOM OF THE 8TH
Niagara Falls Expos batting - Pitching for Put-In-Bay BC : RHP Benjamin Busto
Now at 3B: Marlon Webster
Batting: RHB Hou Kong 0-0: Called Strike
0-1: Fly out, F5 (Line Drive, 56)
Pitching: RHP Félix Santiago
Batting: SHB Jim Unknown 0-0: Ball
1-0: Foul Ball, location: 2F
1-1: Swinging Strike
1-2: Fly out, F8 (Flyball, 78M)
Batting: RHB Roberto Camacho 0-0: Called Strike
0-1: Ball
1-1: Called Strike
1-2: Strikes out looking
Bottom of the 8th over - 0 run(s), 0 hit(s), 0 error(s), 0 left on base; Put-In-Bay 4 - Niagara Falls 2
TOP OF THE 9TH
Put-In-Bay BC batting - Pitching for Niagara Falls Expos : RHP Manuel Montés
Batting: LHB Francisco Alfaro 0-0: Ground out 6-3 (Groundball, 6)
Batting: LHB Tural Bishara 0-0: Swinging Strike
0-1: Ball
1-1: Ball
2-1: Ball
3-1: Base on Balls
Batting: SHB Marlon Webster 0-0: Ball
1-0: Ball
2-0: Called Strike
2-1: Fly out, F9 (Flyball, 9LSF)
Batting: RHB Steve Koch 0-0: Fly out, F7 (Flyball, 78S)
Top of the 9th over - 0 run(s), 0 hit(s), 0 error(s), 1 left on base; Put-In-Bay 4 - Niagara Falls 2
BOTTOM OF THE 9TH
Niagara Falls Expos batting - Pitching for Put-In-Bay BC : RHP Félix Santiago
Pitching: RHP Garrett Harrington
Batting: LHB Mark Armstead 0-0: Called Strike
0-1: Swinging Strike
0-2: Ball
1-2: Fly out, F7 (Flyball, 78M)
Batting: RHB Edgardo Castro 0-0: Ball
1-0: Ball
2-0: Called Strike
2-1: Foul Ball, location: 2F
2-2: Ball
3-2: Strikes out looking
Batting: LHB Pancho Farías 0-0: Called Strike
0-1: Ball
1-1: Foul Ball, location: 2F
1-2: Strikes out swinging
Bottom of the 9th over - 0 run(s), 0 hit(s), 0 error(s), 0 left on base; Put-In-Bay 4 - Niagara Falls 2
Monday, March 20th, 2017 - OOTP Baseball 17.12 Build 75